 Dungeon Crawl Stone Soup version 0.25-a0-35-g747a2b3c0c (webtiles) character file.

Game seed: 10950927400286717026, levelgen mode: deterministic

1610 Flugkiller the Vexing (level 8, -5/55 HPs)
             Began as an Octopode Arcane Marksman on Oct 19, 2019.
             Was a Priest of Makhleb.
             Slain by Prince Ribbit (9 damage)
             ... on level 5 of the Dungeon.
             The game lasted 00:08:25 (5629 turns).

Flugkiller the Vexing (Octopode Arcane Marksman)    Turns: 5629, Time: 00:08:26

Health: -5/55      AC:  1    Str: 10    XL:     8   Next: 95%
Magic:  10/12      EV: 16    Int: 17    God:    Makhleb [***...]
Gold:   223        SH:  0    Dex: 12    Spells: 8/11 levels left

rFire    . . .     SeeInvis .   b - +3 hand axe
rCold    . . .     Gourm    +   (no shield)
rNeg     . . .     Faith    .   (helmet restricted)
rPois    .         Spirit   .   n - amulet of the gourmand
rElec    .         Reflect  .   (no ring)
rCorr    .         Harm     .   (no ring)
MR       .....                  (no ring)
Stlth    ++........             (no ring)
HPRegen  0.18/turn              (no ring)
MPRegen  0.13/turn              (no ring)
                                (no ring)
                                (no ring)

@: no status effects
A: almost no armour, stealthy swim, amphibious, 8 rings, constrict 8, camouflage
1, gelatinous body 1
a: Minor Destruction, Lesser Servant of Makhleb, Renounce Religion


You were on level 5 of the Dungeon.
You worshipped Makhleb.
Makhleb was most pleased with you.
You were completely stuffed.

You visited 1 branch of the dungeon, and saw 5 of its levels.

You collected 223 gold pieces.

Inventory:

Hand Weapons
 a - a +0 hunting sling
 b - a +3 hand axe (weapon)
   (You found it on level 1 of the Dungeon)
 y - a +1 flail of crushing
   (You took it off Edmund on level 4 of the Dungeon)
Missiles
 c - 55 sling bullets
 f - 172 stones (quivered)
Jewellery
 n - an amulet of the gourmand (around mantle)
   (You found it on level 3 of the Dungeon)
Wands
 k - a wand of polymorph (6)
   (You took it off Natasha on level 2 of the Dungeon)
 o - a wand of flame (18)
   (You took it off Jessica on level 3 of the Dungeon)
 w - a wand of disintegration (2)
   (You found it on level 4 of the Dungeon)
Scrolls
 g - a scroll of fog {unknown}
 l - a scroll of remove curse {unknown}
 r - a scroll of magic mapping {unknown}
 x - a scroll of teleportation {unknown}
 z - a scroll of fear {unknown}
Potions
 e - a potion of curing
 h - a potion of cancellation {unknown}
 i - a potion of invisibility
 j - 2 potions of flight
 m - a potion of agility
 p - a potion of ambrosia {unknown}
 q - a potion of brilliance
 s - 2 potions of haste {unknown}
 t - a potion of magic {unknown}
 v - 2 potions of might {unknown}
Comestibles
 d - 10 rations


   Skills:
 + Level 5.3 Fighting
 + Level 0.0 Axes
 - Level 2.0 Slings
 + Level 6.0 Dodging
 - Level 2.0 Spellcasting
 - Level 6.0 Hexes
 - Level 5.4 Invocations


You had 8 spell levels left.
You knew the following spells:

 Your Spells              Type           Power        Failure   Level  Hunger
a - Corona                Hex            ###....      1%          1    #......
b - Slow                  Hex            ###.....     2%          2    ###....

Your spell library contained the following spells:

 Spells                   Type           Power        Failure   Level  Hunger
 Cause Fear               Hex            ###.......   16%         4    #####..
 Inner Flame              Hex/Fire       ##......     17%         3    ###....
 Portal Projectile        Hex/Tloc       ##....       17%         3    ###....
 Leda's Liquefaction      Hex/Erth       ##........   50%         4    #####..


Dungeon Overview and Level Annotations

Branches:
Dungeon (5/15)             Temple (0/1) D:4

Altars:
Ashenzari
Makhleb
Qazlal
Uskayaw

Shops:
D:4 (

Annotations:
D:2 1 runed translucent door, Crazy Yiuf
D:5 Pikel, Prince Ribbit


Innate Abilities, Weirdness & Mutations

You cannot wear most types of armour.
You are very stealthy in the water. (Stealth+)
You are amphibious.
You can wear up to eight rings at the same time.
You can use your tentacles to constrict eight enemies at once.
Your skin changes colour to match your surroundings (Stealth+).
Your rubbery body absorbs attacks. (AC +1, EV +1)


Message History

Pikel is outlined in light.
The slave shouts!
You hear a shout!
A slave comes into view. x2
The slave shouts!
You slash Pikel! Your grab misses Pikel.
Pikel is lightly wounded.
Pikel hits you with a +0 whip of freezing.
Pikel freezes you.
Prince Ribbit comes into view.
Prince Ribbit gives a loud, deep croak!
You hit Pikel. You grab Pikel.
Pikel is moderately wounded.
You constrict Pikel, but do no damage.
Pikel hits you with a +0 whip of freezing.
Pikel freezes you.
You hit Pikel.
Pikel is moderately wounded.
You constrict Pikel.
Prince Ribbit blinks!
You hit Pikel.
Pikel is heavily wounded.
You hit the slave. You constrict Pikel. The slave hits you!
Pikel hits you with a +0 whip of freezing.
Pikel freezes you. The slave misses you.
You hit Pikel but do no damage.
Pikel is heavily wounded.
You hit the slave. x2; You constrict Pikel.
The slave hits you.
* * * LOW HITPOINT WARNING * * *
The slave misses you.
Pikel hits you with a +0 whip of freezing.
* * * LOW HITPOINT WARNING * * *
Pikel freezes you.
* * * LOW HITPOINT WARNING * * *
The slave hits you.
* * * LOW HITPOINT WARNING * * *
The slave misses you.
You release your grip on Pikel.
The slave closely misses you.
Pikel stops glowing.
Prince Ribbit blinks!
Prince Ribbit closely misses you.
Okay, then.
Unknown command.
Okay, then.
Evoke which item? (* to show all) (? for menu, Esc to quit)
Okay, then.
Unknown command.
Prince Ribbit hops awkwardly around.
Prince Ribbit hits you!
* * * LOW HITPOINT WARNING * * *
Prince Ribbit hits you!
You die...

#. ... #.##.##### ##### # #
#.#..#.).# #.# #...+
+.#.#.#..#.#.# .#.#
#...###...#.#.<#.#.# .#.#
#.....# #......#.#)#
.#.###.....#####.#.##.#.#
.#.##......+.(...)....#[#
.#.##......#####@#.####.########
.........p..pp.F...............+
.#.##.....######.#.#.....#######
.....K.......###.#.#.....#
##.##.........##.#.#.....#
#.##.........##.#.#.....#
#.##.รท........#.#.#.....#
#.##.)......#.#.#.#.....#
#.##.####...#...#.#.##'##


You could see Prince Ribbit and 3 slaves.

Vanquished Creatures
  Grinder (D:3)
  Edmund (D:4)
  A slave (D:5)
  6 ogres
  A phantom (D:5)
  A bullfrog (D:4)
  A howler monkey (D:5)
  A crimson imp (D:5)
  2 hounds
  A centaur skeleton (D:4)
  An orc wizard (D:4)
  Jessica (D:3)
  An iguana (D:4)
  Natasha (thrice) (D:2)
  3 worker ants
  A hound skeleton (D:4)
  4 gnolls
  9 adders
  2 oozes
  2 worms
  4 dart slugs
  5 leopard geckos
  11 orcs
  5 bats
  9 giant cockroaches
  3 goblins
  11 hobgoblins
  11 jackals
  12 kobolds
  2 quokkas
  3 frilled lizards
  8 rats
127 creatures vanquished.

Notes
Turn   | Place    | Note
-------+----------+-------------------------------------------
     0 | D:1      | Flugkiller the Octopode Arcane Marksman began the quest for
                  | the Orb.
     0 | D:1      | Reached XP level 1. HP: 13/13 MP: 2/2
    86 | D:1      | Found a shattered altar of Ashenzari.
   258 | D:1      | Reached XP level 2. HP: 18/18 MP: 4/4
   580 | D:1      | Reached XP level 3. HP: 23/23 MP: 4/6
  1340 | D:2      | Noticed Natasha
  1346 | D:2      | Learned a level 2 spell: Slow
  1355 | D:2      | Killed Natasha
  1355 | D:2      | Reached XP level 4. HP: 18/28 MP: 2/7
  1388 | D:2      | Noticed Natasha
  1394 | D:2      | Killed Natasha
  1665 | D:2      | Found a stormy altar of Qazlal.
  1861 | D:2      | Reached skill level 5 in Hexes
  1913 | D:2      | Reached XP level 5. HP: 30/33 MP: 8/8
  1930 | D:2      | Noticed Natasha
  1946 | D:2      | Killed Natasha
  2039 | D:2      | Found a faded altar of an unknown god.
  2062 | D:2      | Became a worshipper of Makhleb the Destroyer
  2062 | D:2      | Reached * piety under Makhleb
  2487 | D:2      | Found a runed translucent door.
  2488 | D:2      | Noticed Crazy Yiuf
  2672 | D:3      | Noticed Grinder
  2746 | D:3      | Killed Grinder
  2746 | D:3      | Reached XP level 6. HP: 34/42 MP: 2/9
  2753 | D:3      | Reached ** piety under Makhleb
  2845 | D:3      | Reached XP level 7. HP: 45/46 MP: 10/10
  2883 | D:3      | Found a hide-covered altar of Uskayaw.
  3017 | D:3      | Noticed Jessica
  3025 | D:3      | Killed Jessica
  3433 | D:4      | Reached skill level 5 in Dodging
  3454 | D:4      | Found Hipyc's Antique Weapon Emporium.
  3566 | D:4      | Reached skill level 1 in Invocations
  3908 | D:4      | Reached XP level 8. HP: 54/54 MP: 11/11
  4057 | D:4      | Noticed Edmund
  4070 | D:4      | Killed Edmund
  4478 | D:4      | Found a staircase to the Ecumenical Temple.
  4585 | D:5      | Entered Level 5 of the Dungeon
  4950 | D:5      | Reached *** piety under Makhleb
  4950 | D:5      | Reached skill level 5 in Fighting
  5288 | D:5      | Noticed Pikel
  5596 | D:5      | Reached skill level 5 in Invocations
  5609 | D:5      | Noticed Prince Ribbit
  5629 | D:5      | Slain by Prince Ribbit

Levels and vault maps discovered:
D:1:      dpeg_arrival_solitude, layout_rooms, minmay_misc_feat_four_crosses,
          minmay_fountain_box, nicolae_ashenzari_panopticon
D:2:      layout_basic, grunt_qazlal_sundering,
          chequers_ecumenical_altar_island, uniq_natasha,
          uniq_crazy_yiuf_cottage
D:3:      layout_rooms, lemuel_crystal_altar, minmay_strange_pillars,
          kennysheep_jessica_study, uniq_grinder, uniq_jessica
D:4:      layout_loops_ring, minmay_temple_entry_ruins, first_ration,
          serial_shops, shop, minmay_unequal, uniq_edmund
D:5:      layout_basic, kennysheep_mini, uniq_pikel, uniq_prince_ribbit1

Skill      XL: |  1  2  3  4  5  6  7  8 |
---------------+-------------------------+-----
Spellcasting   | 2 |  2.0
Hexes          | 4 5 6 |  6.0
Fighting       | 3 4 5 |  5.3
Dodging        | 4 5 6 |  6.0
Invocations    | 3 5 |  5.4
Slings         | |  2.0

Action                   |  1- 3 |  4- 6 |  7- 9 || total
-------------------------+-------+-------+-------++-------
Melee: Unarmed           |    12 |     3 |       ||    15
       Constrict         |    19 |    21 |    38 ||    78
       Tentacles         |    13 |    14 |    38 ||    65
       Whip              |    12 |       |       ||    12
       Hand axe          |    42 |    94 |   174 ||   310
 Fire: Hunting sling     |       |     3 |    30 ||    33
 Cast: Slow              |     2 |    10 |    16 ||    28
       Corona            |       |     7 |     5 ||    12
Evoke: Wand              |       |       |     1 ||     1
  Use: Scroll            |       |     3 |     1 ||     4
 Stab: Sleeping          |     5 |     2 |     6 ||    13
       Distracted        |       |     1 |       ||     1
  Eat: Chunk             |     1 |     6 |    26 ||    33
Armor: Skin              |     8 |     7 |     7 ||    22
Dodge: Dodged            |    49 |    61 |   140 ||   250

Table legend:
 A = Non-vault XP
 B = Vault XP
 C = Vault XP percentage of total XP
 D = Non-vault monster count
 E = Vault monster count
 F = Vault count percentage of total count
                 A         B        C        D         E       F
            +---------+---------+-------+---------+---------+-------
      Total |    1670 |     630 |  27.4 |     120 |       6 |   4.8
            +---------+---------+-------+---------+---------+-------
        D:1 |      55 |       0 |   0.0 |      21 |       0 |   0.0
        D:2 |     194 |      35 |  15.3 |      24 |       1 |   4.0
        D:3 |     100 |     316 |  76.0 |      32 |       3 |   8.6
        D:4 |     694 |     279 |  28.7 |      24 |       2 |   7.7
        D:5 |     627 |       0 |   0.0 |      19 |       0 |   0.0
            +---------+---------+-------+---------+---------+-------
